 Dungeon Crawl Stone Soup version 0.27-a0-1358-ga0a28fc8c3 (webtiles) character file.

Game seed: 16769001249037427079

6 Delamore the Sneak (level 1, 0/14 HPs)
             Began as an Octopode Brigand on June 28, 2021.
             Slain by a kobold (4 damage)
             ... on level 1 of the Dungeon.
             The game lasted 00:00:17 (31 turns).

Delamore the Sneak (Octopode Brigand)                 Turns: 31, Time: 00:00:18

Health: 0/14       AC:  1    Str: 10    XL:     1   Next: 90%
Magic:  1/1        EV: 12    Int: 13    God:
Gold:   0          SH:  0    Dex: 13    Spells: 0/0 levels left

rFire    . . .     SeeInvis .   a - +2 dagger
rCold    . . .     Faith    .   (no shield)
rNeg     . . .     Spirit   .   (helmet restricted)
rPois    .         Reflect  .   (no amulet)
rElec    .         Harm     .   (no ring)
rCorr    .         Rampage  .   (no ring)
Will     .....                  (no ring)
Stlth    ++++......             (no ring)
HPRegen  0.04/turn              (no ring)
MPRegen  0.07/turn              (no ring)
                                (no ring)
                                (no ring)

@: no status effects
A: almost no armour, amphibious, 8 rings, camouflage 1, gelatinous body 1,
(nimble swimmer 1), tentacles
a: no special abilities


You were on level 1 of the Dungeon.
You visited 1 branch of the dungeon, and saw 1 of its levels.

Inventory:

Hand Weapons
 a - a +2 dagger (weapon)
Missiles
 b - 7 poisoned darts (quivered)


   Skills:
 + Level 2.2 Fighting
 + Level 2.2 Short Blades
 - Level 2.0 Throwing
 - Level 1.0 Dodging
 + Level 5.4 Stealth


You couldn't memorise any spells.
You didn't know any spells.
Your spell library was empty.

Dungeon Overview and Level Annotations

Branches:
Dungeon (1/15)

Altars:


Innate Abilities, Weirdness & Mutations

You cannot wear most types of armour.
You are amphibious.
You can wear up to eight rings at the same time.
Your skin changes colour to match your surroundings (Stealth+).
Your rubbery body absorbs attacks. (AC +1, EV +1)
((You are camouflaged near water. (Stealth+)))
You have tentacles for arms and can constrict up to eight enemies at once.


Message History

The bat hits you but does no damage.
You miss the bat. Your grab misses the bat. You squeeze the bat.
You kill the bat!
The ball python bites you.
* * * LOW HITPOINT WARNING * * *
The ball python closely misses you.
Throw: 2 darts (curare)
Press: ? - help, Q - select action, (/) - cycle Shift-Dir - straight line, f - ball python
Aim: a ball python (55% to hit)
You throw a curare-tipped dart.
The curare-tipped dart barely misses the ball python.
The curare-tipped dart barely misses the quokka.
The ball python barely misses you. The ball python misses you.
Throw: dart (curare)
Press: ? - help, Q - select action, (/) - cycle Shift-Dir - straight line, f/p - ball python
Aim: a ball python (55% to hit)
You throw a curare-tipped dart.
The curare-tipped dart hits the ball python.
The ball python is poisoned.
The ball python convulses.
You kill the ball python!
Throw: 8 darts (poison)
Press: ? - help, Q - select action Shift-Dir - straight line, f - quokka
Aim: a quokka (48% to hit)
You throw a poisoned dart.
The poisoned dart closely misses the quokka.
The quokka barely misses you.
You hit the quokka. You grab the quokka.
The quokka is almost dead.
You constrict the quokka.
You kill the quokka!
You hit the endoplasm.
The endoplasm is almost dead.
The endoplasm barely misses you.
You hit the endoplasm.
You kill the endoplasm!
You hit the kobold. You grab the kobold.
The kobold is moderately wounded.
You constrict the kobold.
The kobold hits you with a +0 short sword.
You die...

._.≈≈≈≈.. .)
≈.≈≈≈≈..# .# #
≈≈≈≈≈≈≈.# .# .#
≈≈≈≈≈≈..##.##.###
≈≈≈≈≈≈.≈#(.......
≈≈≈!K≈≈.#......##
≈≈≈≈r≈..Kr.......
....#####K###.##
..r ##@###.# .
####...##.######.
..................
r..###.........#
#. ##.......## #
#.......#
##.......##
###.........###
...............


You could see 2 kobolds and a rat.

Vanquished Creatures
  An endoplasm (D:1)
  A quokka (D:1)
  3 ball pythons (D:1)
  A bat (D:1)
6 creatures vanquished.

Notes
Turn   | Place    | Note
-------+----------+-------------------------------------------
     0 | D:1      | Delamore the Octopode Brigand began the quest for the Orb.
     0 | D:1      | Reached XP level 1. HP: 14/14 MP: 1/1
    12 | D:1      | Found a faded altar of an unknown god.
    31 | D:1      | Slain by a kobold

Illustrated notes

Levels and vault maps discovered:
D:1:      minmay_arrival_four_circles, layout_loops_ring,
          chequers_ecumenical_altar_island, minmay_pentomino_z4

Action                   || total
-------------------------++-------
Melee: Dagger            ||    12
       Constrict         ||     4
       Tentacles         ||     1
Throw: Dart              ||     3
Armor: Skin              ||     2
Dodge: Dodged            ||    15

Table legend: (Time is in decaauts)
 A = Elapsed time spent in this place.
 B = Non-inter-level travel time spent in this place.
 C = Inter-level travel time spent in this place.
 D = Time resting spent in this place.
 E = Time spent auto-exploring this place.
 F = Levels seen in this place.
 G = Mean time per level.
                   A        B        C        D        E       F      G
               +--------+--------+--------+--------+--------+-----+--------+
         Total |     29 |     29 |      0 |      0 |      8 |   1 |   29.0 |
       Dungeon |     29 |     29 |      0 |      0 |      8 |   1 |   29.0 |
               +--------+--------+--------+--------+--------+-----+--------+

Top non-repeatable levels by time:
     D:1: 29 daAuts
